 Dungeon Crawl Stone Soup version 0.25.1-2-g60ff931df9 (webtiles) character file.

Game seed: 16888818332450179487

56 MajorAdolf the Vexing (level 3, 0/33 HPs)
             Began as a Naga Wanderer on Oct 9, 2020.
             Slain by a centaur (9 damage)
             ... on level 2 of the Dungeon.
             The game lasted 00:01:35 (1336 turns).

MajorAdolf the Vexing (Naga Wanderer)               Turns: 1336, Time: 00:01:36

Health: 0/33       AC:  3    Str: 15    XL:     3   Next: 97%
Magic:  4/4        EV:  9    Int:  9    God:
Gold:   52         SH:  0    Dex: 13    Spells: 3/4 levels left

rFire    . . .     SeeInvis +   a - +0 shortbow
rCold    . . .     Gourm    .   (shield currently unavailable)
rNeg     . . .     Faith    .   e - +0 robe
rPois    +         Spirit   .   h - +0 helmet
rElec    .         Reflect  .   (no cloak)
rCorr    .         Harm     .   (no gloves)
MR       .....                  (no barding)
Stlth    +.........             (no amulet)
HPRegen  0.11/turn              (no ring)
MPRegen  0.09/turn              (no ring)

@: short of breath, very slow
A: large, see invisible, deformed body, poison resistance, slowness 2, slow
metabolism 1, spit poison 1, AC +1
a: Spit Poison


You were on level 2 of the Dungeon.
You were hungry.

You visited 1 branch of the dungeon, and saw 2 of its levels.

You collected 52 gold pieces.

Inventory:

Hand Weapons
 a - a +0 shortbow (weapon)
 j - a +0 hand axe
Missiles
 c - 63 arrows (quivered)
Armour
 e - a +0 robe (worn)
 h - a +0 helmet (worn)
Jewellery
 p - an uncursed ring of see invisible {unknown}
Scrolls
 b - a scroll of magic mapping {unknown}
 g - 3 scrolls of identify {unknown}
 i - a scroll of amnesia {unknown}
 k - a scroll of enchant armour {unknown}
 n - a scroll of teleportation {unknown}
 o - 2 scrolls of remove curse {unknown}
Potions
 d - 2 potions of lignification
 m - a potion of haste {unknown}
Comestibles
 f - 3 rations
 l - a chunk of flesh


   Skills:
 - Level 2.4 Fighting
 + Level 2.4 Axes
 - Level 1.0 Throwing
 - Level 1.5 Armour
 - Level 1.0 Spellcasting
 - Level 4.0 Hexes
   Level 1.0 Evocations


You had 3 spell levels left.
You knew the following spells:

 Your Spells              Type           Power        Failure   Level  Hunger
a - Corona                Hex            #......      7%          1    ##.....

Your spell library contained the following spells:

 Spells                   Type           Power        Failure   Level  Hunger
 Confusing Touch          Hex            #.......     22%         3    ####...
 Tukima's Dance           Hex            #.......     22%         3    ####...
 Ensorcelled Hibernation  Hex/Ice        #.....       24%         2    ###....
 Dazzling Flash           Conj/Hex       #.....       43%         3    ####...


Dungeon Overview and Level Annotations

Branches:
Dungeon (2/15)

Altars:


Innate Abilities, Weirdness & Mutations

You cannot wear boots.
Your serpentine skin is tough. (AC +1)
You have supernaturally acute eyesight. (SInv)
Armour fits poorly on your strangely shaped body.
Your system is resistant to poisons. (rPois)
You cover ground very slowly.
You have a slow metabolism.
You can spit poison.


Message History

Press: ? - help, Shift-Dir - straight line, f/p - centaur
Aim: a centaur, quivering 10 arrows The splash of poison hits the centaur!
The centaur is poisoned.
The centaur is moderately wounded.
You are feeling hungry.
The centaur closely misses you. The centaur barely misses you.
Really attack while wielding your +0 shortbow?
Okay, then.
Firing (i - inventory)
c - 65 arrows (quivered)
Press: ? - help, Shift-Dir - straight line, f/p - centaur
Aim: a centaur, quivering 10 arrows (moderately wounded, poisoned)
You shoot an arrow. The arrow barely misses the centaur.
The centaur hits you.
* * * LOW HITPOINT WARNING * * *
The centaur hits you but does no damage.
Firing (i - inventory)
c - 64 arrows (quivered)
Press: ? - help, Shift-Dir - straight line, f/p - centaur
Aim: a centaur, quivering 10 arrows (heavily wounded, poisoned)
You shoot an arrow. The arrow barely misses the centaur.
The centaur closely misses you. The centaur hits you!
You die...

#.# ####.# #..... #.##.#
#.##.# >##..
###################.##..
...w..c.(.....รท.....##.#
c.####@(#########......
#..# #........#
.........# #....##..#
#.w####..# #.##.##...
...# #.##.##.## ...##
#.......# #######
#.##.#### #.....#
#.##.#####
#.....####.##.##...


You could see a centaur (poisoned) and a dart slug (wandering).

Vanquished Creatures
  An adder (D:2)
  2 worms (D:2)
  3 leopard geckos
  2 ball pythons
  4 bats
  4 giant cockroaches
  4 goblins
  2 hobgoblins
  2 quokkas (D:2)
  2 frilled lizards (D:1)
  5 kobolds (D:1)
  6 rats
37 creatures vanquished.

Notes
Turn   | Place    | Note
-------+----------+-------------------------------------------
     0 | D:1      | MajorAdolf the Naga Wanderer began the quest for the Orb.
     0 | D:1      | MajorAdolf set off with the following items: a +0 shortbow,
                  | 26 arrows, a potion of lignification, a +0 robe, a ration;
                  | and the following spell memorised: Corona; and the
                  | following spells available to memorise: Confusing Touch,
                  | Tukima's Dance, Ensorcelled Hibernation, Dazzling Flash
     0 | D:1      | Reached XP level 1. HP: 18/18 MP: 2/2
   219 | D:1      | Reached XP level 2. HP: 26/26 MP: 3/3
   762 | D:2      | Reached skill level 1 in Axes
   762 | D:2      | Reached XP level 3. HP: 23/33 MP: 4/4
  1328 | D:2      | Noticed a centaur
  1336 | D:2      | Slain by a centaur

Illustrated notes

Levels and vault maps discovered:
D:1:      tarquinn_simple_flora_water_e, layout_rooms,
          corexii_item_surrounded_by_moat, moated_statue
D:2:      layout_loops_cross, minmay_split_cup_small

Skill      XL: |  1  2  3 |
---------------+----------+-----
Fighting       | 2 |  2.4
Axes           | 1 2 |  2.4
Throwing       | |  1.0
Armour         | |  1.5
Spellcasting   | |  1.0
Hexes          | |  4.0
Evocations     | |  1.0

Action                   || total
-------------------------++-------
 Fire: Shortbow          ||   104
 Abil: Spit Poison       ||     4
Armor: Robe              ||    13
Dodge: Dodged            ||    49
